 Dungeon Crawl Stone Soup version 0.30-a0-715-gdb4ae3ece1 (webtiles) character file.

Game seed: 17472792178363721151

98 wormed the Sneak (level 4, -4/38 HPs)
             Began as a Naga Fire Elementalist on Jan 23, 2023.
             Slain by a gnoll
             ... wielding a +0 halberd
              (7 damage)
             ... on level 4 of the Dungeon.
             The game lasted 00:04:39 (3055 turns).

wormed the Sneak (Naga Fire Elementalist)           Turns: 3055, Time: 00:04:39

Health: -4/38      AC:  6    Str: 11    XL:     4   Next: 71%
Magic:  2/7        EV:  9    Int: 17    God:
Gold:   210        SH:  0    Dex: 11    Spells: 1/7 levels left

rFire   . . .      SeeInvis +    q - staff of air
rCold   . . .      Faith    .    (no shield)
rNeg    . . .      Spirit   .    h - +2 leather armour {Will+}
rPois   +          Reflect  .    a - +0 helmet
rElec   +          Harm     .    (no cloak)
rCorr   +          Rampage  .    m - +0 pair of gloves
Will    +....                    (no barding)
Stlth   ++                       (no amulet)
HPRegen 0.26/turn                j - ring of resist corrosion
MPRegen 0.10/turn                (no ring)

@: very slow
A: AC +1, large, see invisible, deformed body, poison resistance, slowness 2,
spit poison 1, naga tail 1
a: Spit Poison


You were on level 4 of the Dungeon.
You visited 1 branch of the dungeon, and saw 4 of its levels.

You collected 210 gold pieces.

Inventory:

Hand Weapons
 o - a +0 rapier
Armour
 a - a +0 helmet (worn)
 h - a +2 leather armour of willpower (worn)
 m - a +0 pair of gloves (worn)
Magical Staves
 q - a staff of air (weapon)
Jewellery
 j - a ring of resist corrosion (left hand)
Scrolls
 g - 3 scrolls of enchant weapon {unknown}
 l - 2 scrolls of identify {unknown}
 n - a scroll of vulnerability {unknown}
 p - a scroll of torment {unknown}
 r - a scroll of enchant armour {unknown}
Potions
 c - a potion of curing {unknown}
 d - a potion of mutation {unknown}
 e - a potion of degeneration {unknown}
 f - a potion of attraction {unknown}
 i - 2 potions of brilliance {unknown}
 k - a potion of heal wounds {unknown}


   Skills:
 + Level 1.4 Fighting
 + Level 2.1 Dodging
 + Level 4.0 Stealth
 + Level 2.4 Spellcasting
 + Level 2.0 Conjurations
 + Level 3.4 Fire Magic


You had one spell level left.
You knew the following spells:

 Your Spells              Type           Power      Damage    Failure   Level
a - Foxfire               Conj/Fire      44%        2x1d6     8%          1
b - Scorch                Fire           26%        2d6       9%          2
c - Inner Flame           Hex/Fire       7%         N/A       34%         3

Your spell library contained the following spells:

 Spells                   Type           Power      Damage    Failure   Level
 Magic Dart               Conj           32%        1d4       11%         1
 Searing Ray              Conj           16%        2d5       16%         2
 Cigotuvi's Dreadful Rot  Necr/Pois/Air  6%         N/A       36%         2
 Poisonous Vapours        Pois/Air       6%         N/A       36%         2
 Kindle Blastsparks       Fire/Tloc/Air  16%        2d11      41%         3
 Mephitic Cloud           Conj/Pois/Air  6%         N/A       50%         3
 Flame Wave               Conj/Fire      11%        2d6       61%         4
 Fulminant Prism          Conj/Hex       2%         3d5       85%         4


Dungeon Overview and Level Annotations

Branches:
Dungeon (4/15)
 Temple: D:4-7

Altars:

Shops:
D:1 (


Innate Abilities, Weirdness & Mutations

Your serpentine skin is tough. (AC +1)
You have supernaturally acute eyesight. (SInv)
Armour fits poorly on your strangely shaped body.
Your system is resistant to poisons. (rPois)
You cover ground very slowly.
You can spit poison.
You have a snake-like lower body.


Message History

The foxfire hits the gnoll.
The gnoll is heavily wounded.
The foxfire hits the gnoll.
The gnoll is severely wounded.
The hound barely misses you. The gnoll barely misses you. x2
The hound bites you.
Casting: Foxfire (safe; 8% risk of failure)
Confirm with . or Enter, or press ? or * to list all spells.
You conjure some foxfire!
The gnoll closely misses you. The gnoll hits you but does no damage.
The hound bites you.
The foxfire hits the gnoll but does no damage.
The gnoll is heavily wounded.
The foxfire hits the gnoll.
The gnoll is severely wounded.
The hound bites you but does no damage.
The gnoll hits you from afar with a +0 halberd.
The gnoll hits you with a +0 whip.
* * * LOW HITPOINT WARNING * * *
The gnoll closely misses you. The hound bites you.
* * * LOW HITPOINT WARNING * * *
Casting: Foxfire (safe; 8% risk of failure)
Confirm with . or Enter, or press ? or * to list all spells.
You conjure some foxfire!
The gnoll hits you from afar with a +0 halberd.
* * * LOW HITPOINT WARNING * * *
The gnoll hits you but does no damage. The gnoll hits you with a +0 whip.
* * * LOW HITPOINT WARNING * * *
The hound barely misses you.
Casting: Foxfire (safe; 8% risk of failure)
Confirm with . or Enter, or press ? or * to list all spells.
Flames lash the gnoll.
You kill the gnoll!
You hear a shout!
The foxfire hits the gnoll.
The gnoll is severely wounded.
The foxfire hits the gnoll.
The gnoll is almost dead.
The hound closely misses you. The gnoll barely misses you.
The gnoll hits you from afar with a +0 halberd!
You die...

## .### #.
....### .#
.......####.#
............#
.......w...#
#.......g)##
##...)..#hg##
##...g###@.#
#..r.h## ##ยง##
......#
#..####### ......
##.......###
?....#
###..........##
....#
###.............#
..#
#.......(.......#
#...............#
#..............##


You could see a worm, a hound and 2 gnolls.

Vanquished Creatures
  2 adders
  2 gnolls
  4 dart slugs
  2 orcs (D:3)
  7 ball pythons
  8 endoplasms
  4 giant cockroaches
  10 goblins
  2 hobgoblins (D:1)
  4 quokkas
  2 bats
  2 frilled lizards (D:1)
  5 kobolds
  4 rats
58 creatures vanquished.

Vanquished Creatures (others)
  66 foxfires
  12 plants (D:2)
78 creatures vanquished.

Grand Total: 136 creatures vanquished

Notes
Turn   | Place    | Note
-------+----------+-------------------------------------------
     0 | D:1      | wormed the Naga Fire Elementalist began the quest for the
                  | Orb.
     0 | D:1      | Reached XP level 1. HP: 15/15 MP: 3/3
    57 | D:1      | Found Puashrun's Weapon Boutique.
   107 | D:1      | Reached XP level 2. HP: 22/22 MP: 0/5
   118 | D:1      | Learned a level 2 spell: Scorch
   328 | D:1      | Reached XP level 3. HP: 30/30 MP: 4/6
   787 | D:2      | Learned a level 3 spell: Inner Flame
   917 | D:2      | You fall into a shaft and drop 1 floor!
   956 | D:3      | Reached skill level 1 in Fighting
  1732 | D:2      | Reached XP level 4. HP: 38/38 MP: 2/7
  2941 | D:4      | Reached skill level 4 in Stealth
  3055 | D:4      | Slain by a gnoll

Illustrated notes

Levels and vault maps discovered:
D:1:      eino_arrival_druids_welcome, layout_rooms, serial_shops, shop
D:2:      layout_loops_corners, serial_bayou_lagoon_a
D:3:      layout_rooms, due_unseen_surprise
D:4:      layout_cave_pods

Skill      XL: |  1  2  3  4 |
---------------+-------------+-----
Dodging        | 2 |  2.1
Fighting       | 1 |  1.4
Stealth        | 4 |  4.0
Conjurations   | 2 |  2.0
Spellcasting   | |  2.4
Fire Magic     | |  3.4

Action                     |  1- 3 |  4- 6 || total
---------------------------+-------+-------++-------
  Melee: Unarmed           |    13 |     2 ||    15
         Staff             |       |     3 ||     3
         Rapier            |       |     1 ||     1
   Cast: Foxfire           |    22 |    16 ||    38
         Scorch            |    22 |    21 ||    43
    Use: Scroll            |     2 |       ||     2
         Potion            |       |     1 ||     1
 Armour: Leather armour    |     1 |    12 ||    13
         Robe              |     1 |       ||     1
  Dodge: Dodged            |     8 |    19 ||    27

Table legend: (Time is in decaauts)
 A = Elapsed time spent in this place.
 B = Non-inter-level travel time spent in this place.
 C = Inter-level travel time spent in this place.
 D = Time resting spent in this place.
 E = Time spent auto-exploring this place.
 F = Levels seen in this place.
 G = Mean time per level.
                   A        B        C        D        E       F      G
               +--------+--------+--------+--------+--------+-----+--------+
         Total |   3746 |   3704 |     42 |      0 |   3212 |   4 |  936.5 |
       Dungeon |   3746 |   3704 |     42 |      0 |   3212 |   4 |  936.5 |
               +--------+--------+--------+--------+--------+-----+--------+

Top non-repeatable levels by time:
     D:2: 1491 daAuts
     D:3: 1078 daAuts
     D:1: 933 daAuts
     D:4: 242 daAuts
